 Dungeon Crawl Stone Soup version 0.25.0-33-gff14898491 (webtiles) character file.

Game seed: 17144313209877164139

982 EWolf27 the Covert (level 7, -7/46 HPs)
             Began as a Vampire Enchanter on July 7, 2020.
             Mangled by Prince Ribbit (19 damage)
             ... on level 5 of the Dungeon.
             The game lasted 00:34:38 (4577 turns).

EWolf27 the Covert (Vampire Enchanter)              Turns: 4577, Time: 00:34:38

Health: -7/46      AC:  9    Str:  7    XL:     7   Next: 96%
Magic:  1/11       EV: 13    Int: 19    God:
Gold:   186        SH:  0    Dex: 15    Spells: 6/12 levels left

rFire    . . .     SeeInvis +   a - +1 dagger (venom)
rCold    . . .     Gourm    .   (no shield)
rNeg     . . .     Faith    .   b - +0 robe
rPois    .         Spirit   .   (no helmet)
rElec    .         Reflect  .   k - +1 cloak
rCorr    .         Harm     .   m - +0 pair of gloves
MR       +....                  (no boots)
Stlth    +++++.....             f - amulet of regeneration
HPRegen  0.75/turn              j - +4 ring of protection
MPRegen  0.12/turn              t - ring of protection from magic

@: very slightly contaminated, regenerating quickly
A: no food, fangs 3, see invisible, unbreathing
a: Exsanguinate


You were on level 5 of the Dungeon.
You were alive.

You visited 1 branch of the dungeon, and saw 5 of its levels.

You collected 186 gold pieces.

Inventory:

Hand Weapons
 a - a +1 dagger of venom (weapon)
 l - a +0 whip of freezing
 u - a +2 dagger
Missiles
 h - 49 poisoned darts (quivered)
Armour
 b - a +0 robe (worn)
 k - a +1 cloak (worn)
 m - a +0 pair of gloves (worn)
 q - a cursed +0 ring mail
Jewellery
 f - an amulet of regeneration (around neck)
 j - a +4 ring of protection (left hand)
 t - a ring of protection from magic (right hand)
Wands
 r - a wand of random effects (19)
Scrolls
 c - 2 scrolls of fear
 e - 2 scrolls of remove curse
 g - 2 scrolls of teleportation
 s - a scroll of blinking
 w - a scroll of random uselessness {unknown}
Potions
 d - a potion of might
 i - a potion of lignification
 n - 2 potions of brilliance
 o - a potion of flight {unknown}
 p - a potion of heal wounds {unknown}
 v - a potion of haste {unknown}


   Skills:
 - Level 1.1 Short Blades
 - Level 2.1 Dodging
 + Level 11.5 Stealth
 - Level 3.2 Spellcasting
 - Level 8.0 Hexes
 - Level 2.0 Ice Magic


You had 6 spell levels left.
You knew the following spells:

 Your Spells              Type           Power        Failure   Level  Hunger
a - Corona                Hex            ####...      1%          1    N/A
b - Ensorcelled Hibernat  Hex/Ice        ###...       3%          2    N/A
c - Confusing Touch       Hex            ####....     1%          3    N/A

Your spell library contained the following spells:

 Spells                   Type           Power        Failure   Level  Hunger
 Tukima's Dance           Hex            ####....     1%          3    N/A
 Dazzling Flash           Conj/Hex       ###...       9%          3    N/A
 Gell's Gravitas          Tloc           #.........   41%         3    N/A
 Metabolic Englaciation   Hex/Ice        ###.......   47%         5    N/A
 Yara's Violent Unravell  Hex/Tmut       ###.......   63%         5    N/A
 Petrify                  Tmut/Erth      #.......     83%         4    N/A

Dungeon Overview and Level Annotations

Branches:
Dungeon (5/15)
 Temple: D:4-7

Altars:
Nemelex Xobeh
Vehumet

Annotations:
D:5 1 runed translucent door, Crazy Yiuf, Prince Ribbit


Innate Abilities, Weirdness & Mutations

You do not eat.
Your natural rate of healing is unusually fast.
You have razor-sharp teeth.
You have supernaturally acute eyesight. (SInv)
You can survive without breathing.


Message History

Prince Ribbit hits you but does no damage.
You hit Prince Ribbit but do no damage.
Prince Ribbit appears confused.
You hit Prince Ribbit.
Prince Ribbit is poisoned.
Your bite misses Prince Ribbit.
Prince Ribbit is lightly wounded.
Prince Ribbit hits you.
You hit Prince Ribbit.
Prince Ribbit looks as sick as possible!
Prince Ribbit is lightly wounded.
Prince Ribbit misses you.
You closely miss Prince Ribbit.
Prince Ribbit is lightly wounded.
Prince Ribbit closely misses you.
You hit Prince Ribbit.
Prince Ribbit looks as sick as possible!
Prince Ribbit is moderately wounded.
Prince Ribbit hits you!
* * * LOW HITPOINT WARNING * * *
Prince Ribbit hits you!!
You die...

..?.# #######.###...
... .........))..)
... #######'###.##
#.# #.....### #.#
#.....# #.#
#.....#### #.#
#.....#..'
#.#########.........
#>.@F...............
##################.'
###


You could see Prince Ribbit (confused, extremely poisoned).

Vanquished Creatures
  Sigmund (D:4)
  Edmund (D:4)
  An ogre (D:4)
  2 scorpions
  A crimson imp (D:2)
  A jelly (D:3)
  A hound (D:5)
  2 orc priests
  Natasha (thrice) (D:3)
  3 orc wizards (D:5)
  3 worker ants (D:4)
  Ijyb (D:3)
  2 adders (D:4)
  An ooze (D:5)
  An adder skeleton (D:5)
  2 worms
  3 dart slugs
  7 leopard geckos
  9 orcs
  8 giant cockroaches
  9 goblins
  10 hobgoblins
  8 kobolds
  2 quokkas
  A ball python (D:2)
  3 bats
  3 frilled lizards
  7 rats
96 creatures vanquished.

Vanquished Creatures (others)
  A dart slug (D:2)
  A bat (D:2)
  A hobgoblin (D:2)
3 creatures vanquished.

Grand Total: 99 creatures vanquished

Notes
Turn   | Place    | Note
-------+----------+-------------------------------------------
     0 | D:1      | EWolf27 the Vampire Enchanter began the quest for the Orb.
     0 | D:1      | Reached XP level 1. HP: 13/13 MP: 3/3
   207 | D:1      | Reached XP level 2. HP: 19/19 MP: 5/5
   280 | D:1      | Reached skill level 5 in Stealth
   292 | D:1      | Learned a level 2 spell: Ensorcelled Hibernation
   481 | D:1      | Reached skill level 5 in Hexes
   535 | D:1      | Reached XP level 3. HP: 24/24 MP: 6/6
   541 | D:1      | Learned a level 3 spell: Confusing Touch
   825 | D:2      | Reached XP level 4. HP: 30/30 MP: 3/8
   876 | D:2      | Found a sparkling altar of Nemelex Xobeh.
  1163 | D:2      | Found a radiant altar of Vehumet.
  1257 | D:2      | Reached skill level 6 in Stealth
  1257 | D:2      | Reached XP level 5. HP: 35/35 MP: 9/9
  1531 | D:3      | Noticed Ijyb
  1547 | D:3      | Killed Ijyb
  2044 | D:3      | Noticed Natasha
  2101 | D:3      | Killed Natasha
  2101 | D:3      | Reached skill level 1 in Ice Magic
  2215 | D:3      | Reached skill level 7 in Stealth
  2302 | D:3      | Noticed Natasha
  2306 | D:3      | Killed Natasha
  2460 | D:3      | Reached XP level 6. HP: 41/41 MP: 10/10
  2691 | D:3      | Noticed Natasha
  2709 | D:3      | Killed Natasha
  3072 | D:4      | Reached skill level 8 in Stealth
  3552 | D:4      | Reached XP level 7. HP: 46/46 MP: 6/11
  3620 | D:4      | Noticed Sigmund
  3627 | D:4      | Killed Sigmund
  3627 | D:4      | Reached skill level 9 in Stealth
  3640 | D:4      | Noticed Edmund
  3651 | D:4      | Killed Edmund
  3651 | D:4      | Reached skill level 10 in Stealth
  3989 | D:5      | Entered Level 5 of the Dungeon
  4170 | D:5      | Noticed Prince Ribbit
  4221 | D:5      | Reached skill level 11 in Stealth
  4525 | D:5      | Found a runed translucent door.
  4526 | D:5      | Noticed Crazy Yiuf
  4577 | D:5      | Mangled by Prince Ribbit

Illustrated notes

Levels and vault maps discovered:
D:1:      minmay_arrival_doors, layout_rooms
D:2:      layout_basic, nemelex_xobeh_ov_fountains_minmay, fiery_altar_vehumet
D:3:      layout_loops_cross, uniq_natasha, uniq_ijyb
D:4:      layout_basic, first_ration, sigmund_edmund_badplayer
D:5:      layout_basic, temple_hall, uniq_crazy_yiuf_cottage,
          uniq_prince_ribbit1, uniq_edmund

Skill      XL: |  1  2  3  4  5  6  7 |
---------------+----------------------+-----
Stealth        | 5 6 7 8 11 | 11.5
Hexes          | 5 6 7 8 |  8.0
Spellcasting   | 3 |  3.2
Ice Magic      | 1 2 |  2.0
Short Blades   | |  1.1
Dodging        | |  2.1

Action                   |  1- 3 |  4- 6 |  7- 9 || total
-------------------------+-------+-------+-------++-------
Melee: Dagger            |    98 |   138 |    69 ||   305
       Bite              |     6 |     5 |     8 ||    19
Throw: Dart              |       |     9 |       ||     9
 Cast: Corona            |     1 |     3 |       ||     4
       Ensorcelled Hiber |     3 |    28 |    18 ||    49
       Confusing Touch   |     1 |     3 |     3 ||     7
  Use: Scroll            |     3 |     7 |     3 ||    13
 Stab: Sleeping          |    10 |    28 |    14 ||    52
       Confused          |     1 |     1 |     2 ||     4
Armor: Robe              |    25 |    16 |    14 ||    55
Dodge: Dodged            |    80 |    79 |    50 ||   209
